 Dungeon Sprint DCSS version 0.29-a0-542-g075992c915 (webtiles) character file.

Game seed: 733217275900971598

28 purpskrrrp the Thrower (level 6, -2/52 HPs)
             Began as a Meteoran Wanderer on June 4, 2022.
             Was a Believer of Dithmenos.
             Slain by a two-headed ogre
             ... wielding a +0 giant club
              (30 damage)
             ... in the Dungeon (Sprint VI: "Thunderdome").
             The game lasted 00:13:12 (380 turns).

purpskrrrp the Thrower (Meteoran Wanderer)           Turns: 380, Time: 00:13:13

Health: -2/52      AC:  3    Str: 23    XL:     6   Next: 55%
Magic:  16/16      EV: 13    Int: 10    God:    Dithmenos [**....]
Gold:   3          SH:  5    Dex: 17    Spells: 16/17 levels left

rFire   . . .      SeeInvis .   a - +0 dagger (vorpal)
rCold   + + .      Faith    .   c - +0 buckler
rNeg    + . .      Spirit   .   e - +0 leather armour
rPois   .          Reflect  .   (helmet restricted)
rElec   .          Harm     .   (no cloak)
rCorr   .          Rampage  .   (no gloves)
Will    +....      NoTele   +   (no boots)
Stlth   +.........              q - amulet "Pisujum" {Acrobat rF+ Str+2}
HPRegen 0.17/turn               o - ring of Vulu Ezi {Will+ Str+2 Int-3 Dex+6}
MPRegen 0.15/turn               p - ring of Kujen {Ice +Blink rN+}

@: glowing
A: sense surroundings 1, otherworldly, glowing, explore regen, antennae 1, cold
resistance 1
a: Renounce Religion, Evoke Blink, Shadow Step


You were in the Dungeon.
You worshipped Dithmenos.
Dithmenos was pleased with you.
You visited 1 branch You collected 250 gold pieces.
You spent 247 gold pieces at shops.

Inventory:

Hand Weapons
 a - a +0 vorpal dagger (weapon)
Missiles
 b - 2 curare-tipped darts (quivered)
Armour
 c - a +0 buckler (worn)
 e - a +0 leather armour (worn)
Jewellery
 o - the ring of Vulu Ezi (left hand) {Will+ Str+2 Int-3 Dex+6}
   (You bought it in a shop in the Dungeon)

   [ring of dexterity]

   Str:       It affects your strength (+2).
   Int:       It affects your intelligence (-3).
   Dex:       It affects your dexterity (+6).
   Will:      It increases your willpower.
 p - the ring of Kujen (right hand) {Ice +Blink rN+}
   (You bought it in a shop in the Dungeon)

   [ring of ice]

   It enhances your ice magic.
   rF:        It makes you vulnerable to fire.
   rC:        It protects you from cold.
   rN:        It protects you from negative energy.
   +Blink:    It lets you blink.
 q - the amulet "Pisujum" (around neck) {Acrobat rF+ Str+2}
   (You bought it in a shop in the Dungeon)

   [amulet of the acrobat]

   It increases your evasion while moving and waiting.
   Str:       It affects your strength (+2).
   rF:        It protects you from fire.
Wands
 m - a wand of iceblast (1)
Scrolls
 j - 4 scrolls of blinking
 n - 3 scrolls of fog
Potions
 d - 2 potions of berserk rage
 h - 4 potions of haste
 i - 2 potions of magic
 k - a potion of resistance


   Skills:
 + Level 4.1 Fighting
 + Level 2.7 Short Blades
 + Level 9.8 Throwing
 + Level 4.9 Armour
 + Level 4.3 Dodging
 + Level 2.4 Shields
 + Level 6.2 Spellcasting
 + Level 1.2 Transmutations
 + Level 3.0 Evocations


You had 16 spell levels left.
You knew the following spells:

 Your Spells              Type           Power      Damage    Failure   Level
a - Beastly Appendage     Tmut           10%        N/A       19%         1

Your spell library contained the following spells:

 Spells                   Type           Power      Damage    Failure   Level
 Spider Form              Tmut/Pois      4%         N/A       56%         3


Dungeon Overview and Level Annotations

Branches:
Dungeon (1/1)

Altars:
Cheibriados
Dithmenos
Fedhas
Gozag
Kikubaaqudgha
Makhleb
Okawaru
Qazlal
Ru
Sif Muna
Trog
Uskayaw
Vehumet
Wu Jian
Xom
Yredelemnul
Zin
The Shining One
Beogh
Lugonu

Shops:
D *[??*?*:[((!!!!


Innate Abilities, Weirdness & Mutations

You passively map a small area around you.
You are easily found by Zot.
You glow in the dark.
You regain HP and MP as you explore.
You have a pair of small antennae on your head.
Your flesh is cold resistant. (rC+)


Message History

Aiming: Iceblast
Press: ? - help, Q - select action, (/) - cycle Shift-Dir - straight line, f - two-headed ogre
Aim: a two-headed ogre, wielding a +0 giant club and a +0 giant spiked club (moderately wounded, umbra)
The mass of ice explodes!
The iceblast engulfs the two-headed ogre!
The two-headed ogre is heavily wounded.
The iceblast engulfs the ogre!
You kill the ogre!
Dithmenos accepts your kill.
Your Fighting skill increases to level 4!
Your Dodging skill increases to level 4!
Your Spellcasting skill increases to level 6!
Your Evocations skill increases to level 3!
There is an entrance to Xawkeoh's Distillery here.
You feel much better. The two-headed ogre barely misses you.
You block the two-headed ogre's attack.
You hit the two-headed ogre but do no damage.
The two-headed ogre is heavily wounded.
You block the two-headed ogre's attack. The two-headed ogre closely misses you.
You hit the two-headed ogre but do no damage.
The two-headed ogre is heavily wounded.
You barely miss the two-headed ogre.
The two-headed ogre is heavily wounded.
The two-headed ogre closely misses you. x2
You hit the two-headed ogre.
The two-headed ogre is heavily wounded.
You barely miss the two-headed ogre.
The two-headed ogre is heavily wounded.
The two-headed ogre closely misses you. You block the two-headed ogre's attack.
You hit the two-headed ogre.
The two-headed ogre is heavily wounded.
The two-headed ogre hits you with a +0 giant club!
You block the two-headed ogre's attack.
You completely miss the two-headed ogre.
The two-headed ogre is heavily wounded.
You hit the two-headed ogre.
The two-headed ogre is severely wounded.
The two-headed ogre hits you with a +0 giant club!!
Ouch! That really hurt!
You die...

##∩.....∩##
#∩.......∩#
#........_#
#_........#
#_......._#
#.........###
...........⌠#
8.........8.######
....###......___@##
..8.# #.8......O.∩###
....###......)......##
.###...###..........⌠#
.# #.<.# #..........⌠#
.###...###..........⌠#
....###.............##
..8.# #.8........∩###
....###...[..___∩##


You could see a two-headed ogre.

Vanquished Creatures
  A water moccasin (D)
  An ogre (D)
  An orc wizard (D)
  2 adders (D)
  3 ball pythons (D)
  An endoplasm (D)
9 creatures vanquished.

Notes
Turn   | Place    | Note
-------+----------+-------------------------------------------
     0 | D        | purpskrrrp the Meteoran Wanderer began the quest for the
                  | Orb.
     0 | D        | purpskrrrp set off with the following items: a +0 vorpal
                  | dagger, 2 curare-tipped darts, a +0 buckler, 2 potions of
                  | berserk rage, a +0 leather armour, a potion of curing, a
                  | potion of heal wounds, a potion of haste, 2 potions of
                  | magic, a scroll of blinking; and the following spell
                  | memorised: Beastly Appendage; and the following spells
                  | available to memorise: Spider Form
     0 | D        | Reached XP level 1. HP: 16/16 MP: 5/5
     1 | D        | Found a hide-covered altar of Uskayaw.
     1 | D        | Found an ornate altar of the Wu Jian Council.
     2 | D        | Found a glowing silver altar of Zin.
     3 | D        | Found a sacrificial altar of Ru.
     3 | D        | Found a basalt altar of Yredelemnul.
     4 | D        | Found a shadowy altar of Dithmenos.
     4 | D        | Found a shimmering altar of Xom.
     4 | D        | Found Maaggaca's Identification Station.
     5 | D        | Found Xuskia's Jewellery.
     5 | D        | Found Woypaje's Advanced Armour.
     5 | D        | Round 1.
    13 | D        | Bought a faintly glowing steel ring for 45 gold pieces
    13 | D        | Identified the ring of Vulu Ezi {Will+ Str+2 Int-3 Dex+6}
                  | (You bought it in a shop in the Dungeon)
    13 | D        | Bought a heavily runed tin ring for 45 gold pieces
    13 | D        | Identified the ring of Kujen {Ice +Blink rN+} (You bought
                  | it in a shop in the Dungeon)
    13 | D        | Bought a fine platinum amulet for 45 gold pieces
    13 | D        | Identified the amulet "Pisujum" {Acrobat rF+ Str+2} (You
                  | bought it in a shop in the Dungeon)
    26 | D        | Reached skill level 4 in Throwing
    41 | D        | Became a worshipper of Dithmenos the Shadowed
    55 | D        | Found Jetourgh's Magic Scroll Shop.
    56 | D        | Found a shimmering blue altar of Sif Muna.
    56 | D        | Found an opulent altar of Gozag.
    56 | D        | Found Luzun's Staff Store.
    56 | D        | Found Siapeelo's Magic Scroll Shop.
    56 | D        | Found Uskyme's Must-Have Magic.
    67 | D        | Found a corrupted altar of Lugonu.
    68 | D        | Found a stormy altar of Qazlal.
    69 | D        | Found an ancient bone altar of Kikubaaqudgha.
    70 | D        | Found Xawkeoh's Distillery.
    70 | D        | Found a burning altar of Makhleb.
    70 | D        | Found a glowing golden altar of the Shining One.
    70 | D        | Found a blossoming altar of Fedhas.
    70 | D        | Found Peheluegg's Do-It-Yourself Clinic.
    71 | D        | Found Qixt's Distillery.
    71 | D        | Found Wapalif's Bottled Wisdom.
    74 | D        | Found a bloodstained altar of Trog.
    91 | D        | Found a snail-covered altar of Cheibriados.
    92 | D        | Found an iron altar of Okawaru.
    93 | D        | Found Mesaep Woaxa's Weapon Rack.
    94 | D        | Found Osesteil's Basic Armour.
    94 | D        | Found Qeidoxee's Miscellaneous Merchandise.
    95 | D        | Found a radiant altar of Vehumet.
    95 | D        | Found Aroj's Premium Goods.
   129 | D        | Noticed an orc wizard
   157 | D        | Killed an orc wizard
   158 | D        | Reached skill level 6 in Throwing
   158 | D        | Reached XP level 2. HP: 11/24 MP: 5/7
   158 | D        | Reached XP level 3. HP: 14/29 MP: 6/9
   194 | D        | Arena points: 4 (+4) [x1]
   209 | D        | Round 2.
   213 | D        | Noticed a water moccasin
   216 | D        | Reached * piety under Dithmenos
   220 | D        | Killed a water moccasin
   220 | D        | Reached ** piety under Dithmenos
   221 | D        | Reached skill level 9 in Throwing
   221 | D        | Reached skill level 5 in Spellcasting
   221 | D        | Reached XP level 4. HP: 11/38 MP: 9/12
   221 | D        | Reached XP level 5. HP: 13/45 MP: 10/14
   235 | D        | Arena points: 28 (+24) [x2]
   236 | D        | Reached XP level 6. HP: 7/51 MP: 12/15
   255 | D        | Bought 2 potions of mutation for 112 gold pieces
   255 | D        | Gained mutation: A frigid envelope surrounds you and
                  | freezes all who hurt you. [potion of mutation]
   255 | D        | Gained mutation: You are clumsy. (Dex -2) [potion of
                  | mutation]
   255 | D        | Gained mutation: Your spells are a little harder to cast,
                  | but a little more powerful. [potion of mutation]
   256 | D        | Lost mutation: You are clumsy. (Dex -2) [potion of
                  | mutation]
   256 | D        | Lost mutation: Your spells are a little harder to cast, but
                  | a little more powerful. [potion of mutation]
   256 | D        | Lost mutation: A frigid envelope surrounds you and freezes
                  | all who hurt you. [potion of mutation]
   256 | D        | Gained mutation: You have a pair of small antennae on your
                  | head. [potion of mutation]
   256 | D        | Gained mutation: Your flesh is cold resistant. (rC+)
                  | [potion of mutation]
   289 | D        | Round 3.
   359 | D        | Noticed an ogre
   360 | D        | Noticed a two-headed ogre
   370 | D        | Killed an ogre
   380 | D        | Slain by a two-headed ogre

Illustrated notes

Levels and vault maps discovered:
D:        arena_sprint

Skill      XL: |  1  2  3  4  5  6 |
---------------+-------------------+-----
Throwing       | 6 9 |  9.8
Spellcasting   | 3 5 6 |  6.2
Armour         | 2 4 |  4.9
Dodging        | 2 3 4 |  4.3
Fighting       | 3 4 |  4.1
Short Blades   | 2 |  2.7
Shields        | 2 |  2.4
Evocations     | 2 3 |  3.0
Transmutations | |  1.2

Action                   |  1- 3 |  4- 6 || total
-------------------------+-------+-------++-------
Melee: Dagger            |    29 |    26 ||    55
Evoke: Wand              |     6 |     3 ||     9
  Use: Potion            |     3 |     4 ||     7
Armor: Leather armour    |    11 |     3 ||    14
Dodge: Dodged            |     7 |    16 ||    23
Block: Buckler           |     2 |     7 ||     9

Table legend: (Time is in decaauts)
 A = Elapsed time spent in this place.
 B = Non-inter-level travel time spent in this place.
 C = Inter-level travel time spent in this place.
 D = Time resting spent in this place.
 E = Time spent auto-exploring this place.
 F = Levels seen in this place.
 G = Mean time per level.
                   A        B        C        D        E       F      G
               +--------+--------+--------+--------+--------+-----+--------+
         Total |    378 |    265 |    113 |    151 |      0 |   1 |  378.0 |
       Dungeon |    378 |    265 |    113 |    151 |      0 |   1 |  378.0 |
               +--------+--------+--------+--------+--------+-----+--------+

Top non-repeatable levels by time:
       D: 378 daAuts
